 Dungeon Crawl Stone Soup version 0.31-a0-920-g28cbb04 (webtiles) character file.

Game seed: 18093152181449437722

61051 antrollian the Brawler (level 14, -7/129 HPs)
             Began as a Troll Shapeshifter on Oct 17, 2023.
             Was the Champion of Hepliaklqana.
             Mangled by a goliath frog (10 damage)
             ... on level 1 of the Swamp.
             The game lasted 00:38:45 (14915 turns).

antrollian the Brawler (Troll Shapeshifter)        Turns: 14915, Time: 00:38:45

Health: -7/129     AC:  3    Str: 25    XL:     14   Next: 59%
Magic:  13/13      EV: 15    Int:  6    God:    Hepliaklqana [******]
Gold:   1244       SH:  5    Dex: 13    Spells: 13/13 levels left

rFire   . .          .
                       - Unarmed
rCold   . . .        (shield currently unavailable)
rNeg    . . .        D - +0 steam dragon scales
rPois   .            (helmet restricted)
rElec   .            y - +1 cloak {Will+}
rCorr   .            (gloves unavailable)
SInv    .            (boots unavailable)
Will    ++...        p - amulet of reflection
Stlth   +            e - ring of flight
HPRegen 1.21/turn    f - +5 ring of evasion
MPRegen 0.13/turn

%: reflection
@: blade hands, corroded, flying
A: reduced essence, large, unfitting armour, (claws 3), regeneration 1, shaggy
fur 1, tough skin 1
a: Begin Untransformation, Renounce Religion, Recall Ancestor, Ancestor
Identity, Transference, Idealise


You were on level 1 of the Swamp.
You worshipped Hepliaklqana.
Hepliaklqana was exalted by your worship.
You had blades for hands.
You visited 3 branches of the dungeon, and saw 18 of its levels.
You also visited: Ossuary.

You collected 1244 gold pieces.

Inventory:

Missiles
 I - 2 throwing nets
Armour
 y - a +1 cloak of willpower (worn)
 D - +0 steam dragon scales (worn)
Jewellery
 e - a ring of flight (left blade hand)
 f - a +5 ring of evasion (right blade hand)
 k - a ring of willpower
 p - an amulet of reflection (around neck)
 x - a ring of willpower
 E - a ring of positive energy
 Q - an amulet of the acrobat
 S - a ring of protection from fire
Talismans
 c - a beast talisman
 d - a flux talisman
 O - a maw talisman
 U - a blade talisman (active)
Wands
 o - a wand of mindburst (15)
 q - a wand of paralysis (15)
 t - a wand of quicksilver (11)
 C - a wand of flame (33)
 M - a wand of roots (6)
Scrolls
 a - 2 scrolls of butterflies {unknown}
 g - 7 scrolls of identify
 i - 4 scrolls of fog
 j - 2 scrolls of enchant armour
 m - 2 scrolls of teleportation
 r - a scroll of brand weapon {unknown}
 v - 3 scrolls of enchant weapon
 B - 7 scrolls of revelation
 G - 2 scrolls of fear
 H - 4 scrolls of vulnerability
 P - 2 scrolls of poison
 R - 2 scrolls of amnesia
Potions
 b - 4 potions of lignification
 h - 5 potions of magic
 l - a potion of haste
 n - a potion of resistance {unknown}
 u - 5 potions of enlightenment
 w - 5 potions of mutation
 z - 3 potions of brilliance {unknown}
 A - 3 potions of heal wounds {unknown}
 F - 2 potions of cancellation
 J - 2 potions of invisibility {unknown}
 K - 7 potions of curing {unknown}
 L - 3 potions of might
 N - 2 potions of ambrosia {unknown}
 T - a potion of attraction {unknown}


   Skills:
 + Level 10.3 Fighting
 + Level 8.5 Armour
 - Level 2.4 Dodging
 * Level 17.0 Unarmed Combat
 * Level 11.8 Shapeshifting


You had 13 spell levels left.
You didn't know any spells.
Your spell library contained the following spells:

 Spells                   Type           Power      Damage    Failure   Level
 Shock                    Conj/Air       0%         1d3       45%         1
 Hailstorm                Conj/Ice       0%         3d3       83%         3
 Ozocubu's Armour         Ice            0%         N/A       83%         3
 Animate Dead             Necr           0%         N/A       99%         4
 Brom's Barrelling Bould  Conj/Erth      0%         2d3       99%         4
 Summon Lightning Spire   Summ/Air       0%         N/A       99%         4
 Borgnjor's Vile Clutch   Necr/Erth      0%         N/A       100%        5
 Death Channel            Necr           0%         N/A       100%        6
 Summon Cactus Giant      Summ           0%         N/A       100%        6
 Malign Gateway           Summ/Tloc      0%         N/A       100%        7


Dungeon Overview and Level Annotations

Branches:
Dungeon (12/15)            Temple (0/1) D:7            Lair (5/5) D:10
  Swamp (1/4) Lair:3       Spider (0/4) Lair:2        Slime (0/5) Lair:5
    Orc (0/2) D:10        Ossuary (visited)

Altars:
Dithmenos
Fedhas
Gozag
Hepliaklqana
Kikubaaqudgha
Makhleb
Nemelex Xobeh
Qazlal
Ru
Trog
Vehumet

Shops:
D:1 [   D:3 (

Annotations:
Lair:5 exclusion: 2 oklob plants


Innate Abilities, Weirdness & Mutations

You have blades for hands.
You are incapable of wielding weapons or throwing items.
Your life essence is reduced to manifest your ancestor. (-10% HP)
You are too large for most types of armour.
((You have claws for hands.))
Your natural rate of healing is unusually fast.
You are covered in fur. (AC +1)
You have tough skin. (AC +1)


Message History

The blast of putrescent gases engulfs you!!
The blast of putrescent gases engulfs Cynebald!!
The blast of putrescent gases engulfs the tyrant leech!!!
A goliath frog comes into view.
Cynebald closely misses the tyrant leech.
The tyrant leech misses Cynebald.
You hear a deafening roar!
The goliath frog hits you from afar.
You are splashed with acid!
Cynebald barely misses the tyrant leech.
The tyrant leech barely misses Cynebald.
Cynebald hits the tyrant leech with a +0 quarterstaff!
The tyrant leech dies!
The goliath frog hits you but does no damage.
Cynebald hits the goliath frog with a +0 quarterstaff.
The goliath frog hits Cynebald!!
Cynebald is splashed with acid.
The acid corrodes Cynebald!
Press: ? - help, . - travel You can't see that place. [the floor.]
You block the goliath frog's attack.
Cynebald barely misses the goliath frog.
The goliath frog hits you from afar!!
* * * LOW HITPOINT WARNING * * *
The acid corrodes you!
You are splashed with acid!
* * * LOW HITPOINT WARNING * * *
Cynebald casts a spell at the goliath frog.
The stone arrow hits the goliath frog!!
The goliath frog hits Cynebald!!
Cynebald is destroyed!
A goliath frog comes into view.
The goliath frog barely misses you.
The bog body points at you and mumbles some strange words.
You resist with almost no effort. The goliath frog closely misses you.
The bog body gestures at you while chanting.
The bolt of cold hits you!!
* * * LOW HITPOINT WARNING * * *
The goliath frog attacks as it pursues you!
The goliath frog hits you from afar!
You die...

~~.♣♣♣♣.~.~..~~♣
~~$.♣.~.~..§!.♣ ♣♣♣
.~..§.~..♣♣..♣♣♣ ♣♣♣ ♣.♣
......./.[...~.♣♣ ♣.♣ ♣<♣♣
..........~..~.~♣ ♣.♣
♣♣..♣♣ +#.####...~....♣
♣.♣♣♣..~)♣
#....#..F♣..♣♣♣♣♣~~♣♣.§†♣♣
#.......♣~~.n.♣♣.~~§~.~>♣
#..÷.#..♣♣.~F.@~.~§~~~~.♣
..#.###..♣♣♣♣~..§...~~.♣..♣
.#÷#....♣♣♣
♣♣.~~.♣♣♣♣.....♣
#.#...~..♣♣♣♣~~..♣ ♣♣♣..♣♣
#..§~~...♣.$..♣♣ ♣♣...
#~~†♣~~♣..~♣§~♣ .♣♣
#♣~~~~.♣)~~~.♣♣ .
~.~..§.~~~~~.♣
~~~...~~♣~♣~..♣


You could see 2 goliath frogs and a bog body.

Vanquished Creatures
  Rupert (Lair:3)
  3 hydras
  Harold (D:10)
  A catoblepas (Lair:5)
  2 boulder beetles
  A two-headed ogre (D:9)
  Erica (D:10)
  7 death yaks
  A deep troll shaman (Lair:5)
  Amaemon (D:11)
  2 skysharks (Lair:5)
  A bog body (Lair:3)
  A slime creature (D:12)
  The ghost of Dega the Nimble, a novice SpFi of Qazlal (D:7)
  A will-o-the-wisp (Swamp:1)
  An ugly thing (D:11)
  A manticore (D:12)
  13 elephants
  A black mamba (Lair:1)
  5 cane toads
  2 unseen horrors
  An orange demon (D:11)
  A torpor snail (Lair:2)
  4 rime drakes
  Maggie (D:6)
  2 kobold demonologists
  13 komodo dragons
  An unseen horror zombie (D:7)
  A queen bee (D:12)
  2 meliai (D:12)
  A bloated husk (Swamp:1)
  A troll (D:10)
  3 polar bears
  7 blink frogs
  Grinder (D:6)
  A hornet (Swamp:1)
  2 dream sheep (Lair:2)
  A jumping spider (Lair:2)
  A wraith (D:9)
  A shadow (D:11)
  Sigmund (D:3)
  A spriggan (Swamp:1)
  33 yaks
  2 wyverns (Lair:3)
  A redback (Lair:2)
  A basilisk (Lair:1)
  2 steam dragons
  Menkaure (D:6)
  A swamp worm (Swamp:1)
  3 acid dragons
  5 water moccasins
  An orc warrior (D:9)
  2 hornet zombies (Ossuary)
  2 black bears (Lair:5)
  An ice beast (D:6)
  2 ogres
  11 wolves
  4 boggarts (Lair:3)
  A centaur (D:5)
  A phantom (D:5)
  7 bullfrogs
  A kobold brigand (D:9)
  2 scorpions (D:5)
  4 wights (D:7)
  26 killer bees
  3 howler monkeys
  4 electric eels
  4 bullfrog zombies (Ossuary)
  4 jellies
  3 orc priests
  Crazy Yiuf (D:5)
  5 hounds
  10 mummies (Ossuary)
  A sleepcap (D:5)
  Ijyb (D:3)
  11 iguanas
  7 orc wizards
  A killer bee zombie (Ossuary)
  A centaur simulacrum (D:7)
  3 gnolls
  A howler monkey zombie (Ossuary)
  10 adders
  2 shadow imps
  A white imp (D:7)
  2 worms (D:2)
  3 dart slugs
  24 orcs
  4 ball pythons
  5 bats
  9 endoplasms
  5 giant cockroaches
  12 goblins
  7 hobgoblins
  12 jackals
  7 kobolds
  4 quokkas
  4 frilled lizards
  2 rats (D:1)
382 creatures vanquished.

Vanquished Creatures (collateral kills)
  The ghost of gorushi the Cleaver, a journeyman MiFi of Okawaru (D:10)
  2 hydras
  A catoblepas (Lair:2)
  2 death yaks
  The ghost of Caterwaul the Mimic, a novice MfSh of Uskayaw (D:8)
  A deep elf pyromancer (D:8)
  A manticore (D:11)
  3 black mambas
  3 cane toads
  7 elephants
  2 komodo dragons
  A spectral unseen horror (D:7)
  A rime drake (Lair:4)
  A troll (D:10)
  A tyrant leech (Swamp:1)
  2 blink frogs (Lair:4)
  A slime creature (D:8)
  A shadow (D:11)
  14 yaks
  A wraith (D:9)
  3 fire bats (Lair:5)
  A swamp worm (Swamp:1)
  An acid dragon (D:10)
  A water moccasin (Lair:2)
  2 black bears (D:5)
  5 wolves
  An orc warrior (D:8)
  An ogre (D:6)
  A gnoll sergeant (D:9)
  4 bullfrogs
  A scorpion (D:6)
  9 killer bees
  An electric eel (Lair:3)
  2 howler monkeys
  2 lava snakes (Lair:5)
  A centaur skeleton (D:7)
  A hound (D:6)
  4 orc priests
  3 iguanas
  7 mummies (Ossuary)
  A killer bee zombie (Ossuary)
  6 orc wizards
  A centaur simulacrum (D:7)
  2 gnolls
  A white imp (D:6)
  16 orcs
  A goblin (D:5)
  A hobgoblin (D:4)
  4 frilled lizards (D:9)
  4 kobolds (D:9)
  A butterfly (Lair:4)
136 creatures vanquished.

Vanquished Creatures (others)
  A bloated husk (Swamp:1)
  11 battlemagi
  A gnoll (D:9)
  4 foxfires (Swamp:1)
17 creatures vanquished.

Grand Total: 535 creatures vanquished

Notes
Turn   | Place    | Note
-------+----------+-------------------------------------------
     0 | D:1      | antrollian the Troll Shapeshifter began the quest for the
                  | Orb.
     0 | D:1      | Reached XP level 1. HP: 18/18 MP: 0/0
    51 | D:1      | Reached skill level 1 in Fighting
    71 | D:1      | Reached XP level 2. HP: 27/27 MP: 1/1
   174 | D:1      | Found Okledecs's Antique Armour Shop.
   432 | D:2      | Reached XP level 3. HP: 30/33 MP: 2/2
   682 | D:2      | Reached skill level 4 in Unarmed Combat
   703 | D:2      | Reached XP level 4. HP: 37/41 MP: 3/3
  1283 | D:3      | Found Olejan's Antique Weapon Shoppe.
  1329 | D:3      | Noticed Sigmund
  1340 | D:3      | Killed Sigmund
  1341 | D:3      | Reached skill level 5 in Unarmed Combat
  1341 | D:3      | Reached XP level 5. HP: 32/50 MP: 4/4
  1733 | D:3      | Found an opulent altar of Gozag.
  1733 | D:3      | Found a blossoming altar of Fedhas.
  1874 | D:3      | Noticed Ijyb
  1882 | D:3      | Killed Ijyb
  1883 | D:3      | Reached XP level 6. HP: 54/59 MP: 5/5
  1931 | D:3      | Found a faded altar of an unknown god.
  1981 | D:3      | Prayed at the altar of an unknown god.
  1981 | D:3      | Became a worshipper of Hepliaklqana the Forgotten
  1981 | D:3      | Reached * piety under Hepliaklqana
  2131 | D:4      | Found a bloodstained altar of Trog.
  2806 | D:4      | Reached ** piety under Hepliaklqana
  2807 | D:4      | Remembered your ancestor Cynebald as a battlemage
  2838 | D:4      | Reached skill level 6 in Unarmed Combat
  2841 | D:4      | Reached XP level 7. HP: 56/60 MP: 6/6
  3217 | D:5      | Entered Level 5 of the Dungeon
  3417 | D:5      | Reached skill level 7 in Unarmed Combat
  3417 | D:5      | Reached skill level 5 in Shapeshifting
  3422 | D:5      | Reached XP level 8. HP: 43/70 MP: 7/7
  3898 | D:5      | Found a shadowy altar of Dithmenos.
  3924 | D:5      | Reached skill level 8 in Unarmed Combat
  3987 | D:5      | Found a runed translucent door.
  3988 | D:5      | Noticed Crazy Yiuf
  3992 | D:5      | Killed Crazy Yiuf
  4356 | D:6      | Reached *** piety under Hepliaklqana
  4362 | D:6      | Noticed Grinder
  4365 | D:6      | Killed Grinder
  4485 | D:6      | Reached XP level 9. HP: 67/78 MP: 8/8
  4583 | D:6      | Noticed Menkaure
  4591 | D:6      | Killed Menkaure
  4592 | D:6      | Reached skill level 9 in Unarmed Combat
  4697 | D:6      | Reached skill level 5 in Fighting
  4800 | D:6      | Noticed Maggie
  4808 | D:6      | Killed Maggie
  5242 | D:7      | Found a staircase to the Ecumenical Temple.
  5248 | D:7      | Found a runed translucent gate.
  5253 | D:7      | Noticed a spectral unseen horror
  5255 | D:7      | Found a runed translucent gate.
  5256 | D:7      | Found a runed translucent gate.
  5257 | D:7      | Noticed Dega's ghost (novice SpFi)
  5286 | D:7      | Found an ancient bone altar of Kikubaaqudgha.
  5289 | D:7      | Reached **** piety under Hepliaklqana
  5402 | D:7      | Noticed an unseen horror
  5407 | D:7      | Killed an unseen horror
  5408 | D:7      | Reached skill level 1 in Armour
  5408 | D:7      | Reached skill level 10 in Unarmed Combat
  5831 | D:8      | Found a burning altar of Makhleb.
  5831 | D:8      | Noticed a blizzard demon
  5948 | D:8      | Found a sand-covered staircase.
  5953 | Ossuary  | Entered an ossuary
  6041 | Ossuary  | Reached XP level 10. HP: 87/88 MP: 9/9
  6284 | D:8      | Found a runed translucent gate.
  6309 | D:8      | Found a runed translucent gate.
  6310 | D:8      | Found a runed translucent gate.
  6310 | D:8      | Noticed a deep elf pyromancer
  6310 | D:8      | Noticed Caterwaul's ghost (novice MfSh)
  6416 | D:8      | Found a sparkling altar of Nemelex Xobeh.
  6417 | D:8      | Identified the +8 chain mail "Lipikhle" {rPois Str+3 Dex-2}
  6429 | D:8      | Found a stormy altar of Qazlal.
  6807 | D:9      | Found a sacrificial altar of Ru.
  6807 | D:9      | Found a radiant altar of Vehumet.
  6836 | D:9      | Identified the +2 helmet of the Pink Corner {rF++ MP+9
                  | Stlth+}
  6916 | D:9      | Reached skill level 11 in Unarmed Combat
  6971 | D:9      | Noticed a two-headed ogre
  6979 | D:9      | Killed a two-headed ogre
  7214 | D:9      | Reached ***** piety under Hepliaklqana
  7221 | D:9      | Identified the +8 mace of Bitixon {heavy, Contam rPois
                  | rCorr Int+5}
  7450 | D:7      | Killed Dega's ghost
  7451 | D:7      | Reached XP level 11. HP: 96/96 MP: 10/10
  7546 | D:8      | Reached skill level 12 in Unarmed Combat
  7553 | D:8      | Killed a deep elf pyromancer
  7561 | D:8      | Killed Caterwaul's ghost
  7734 | D:10     | Entered Level 10 of the Dungeon
  7734 | D:10     | Noticed Harold
  7741 | D:10     | Killed Harold
  7826 | D:10     | Found a staircase to the Orcish Mines.
  7970 | D:10     | Noticed gorushi's ghost (journeyman MiFi)
  7973 | D:10     | Found a runed translucent door.
  8075 | D:10     | Found a staircase to the Lair.
  8075 | D:10     | Identified the +0 leather armour "Oxabon" {rC++ Will- rCorr
                  | SInv}
  8110 | D:10     | Reached skill level 5 in Armour
  8154 | D:10     | Noticed Erica
  8163 | D:10     | Killed Erica
  8391 | D:10     | Killed gorushi's ghost
  8392 | D:10     | Reached skill level 13 in Unarmed Combat
  8441 | D:11     | Identified the of Emnemy
  8443 | D:11     | Noticed Amaemon
  8453 | D:11     | Killed Amaemon
  8512 | D:11     | Noticed a cyan ugly thing
  8519 | D:11     | Killed a cyan ugly thing
  8678 | D:11     | Reached XP level 12. HP: 105/107 MP: 11/11
  9120 | D:12     | Identified the "Ryok"
  9215 | D:12     | Found a stormy altar of Qazlal.
  9366 | D:12     | HP: 5/108 [killer bee (7)]
  9508 | Lair:1   | Entered Level 1 of the Lair of Beasts
  9595 | Lair:1   | Reached skill level 14 in Unarmed Combat
  9777 | Lair:1   | You fall into a shaft and drop 1 floor!
  9783 | Lair:2   | Reached skill level 10 in Shapeshifting
 10097 | Lair:1   | Reached ****** piety under Hepliaklqana
 10102 | Lair:1   | Reached XP level 13. HP: 117/117 MP: 12/12
 10499 | Lair:2   | Reached skill level 15 in Unarmed Combat
 10515 | Lair:2   | Found a hole to the Spider Nest.
 12064 | Lair:3   | Identified the +0 chain mail of Baldness {rPois Will-
                  | Regen+}
 12202 | Lair:3   | Found a staircase to the Swamp.
 12355 | Lair:4   | Identified the +1 robe of Serendipity {Rampage *Corrode
                  | Int+4 Stlth+}
 12368 | Lair:4   | Reached skill level 16 in Unarmed Combat
 12644 | Lair:4   | Noticed Rupert
 12674 | Lair:3   | Paralysed by Rupert for 4 turns
 12768 | Lair:3   | Killed Rupert
 13008 | Lair:4   | Reached XP level 14. HP: 93/126 MP: 13/13
 13533 | Lair:5   | Entered Level 5 of the Lair of Beasts
 13654 | Lair:5   | Found a staircase to the Slime Pits.
 13706 | Lair:5   | Reached skill level 10 in Fighting
 14490 | Lair:5   | Reached skill level 17 in Unarmed Combat
 14816 | Swamp:1  | Entered Level 1 of the Swamp
 14915 | Swamp:1  | HP: 3/129 [bog body/bolt of cold (27)]
 14915 | Swamp:1  | Mangled by a goliath frog

Illustrated notes

Levels and vault maps discovered:
D:1:      matt_arrival_los_fun, layout_rooms, serial_shops, shop
D:2:      layout_basic
D:3:      layout_loops_ring, amethyst_overflow_temple_binary, serial_shops,
          nicolae_shop_statue_plus, shapermc_ecumenical_altar_hornbeckon,
          uniq_sigmund, uniq_ijyb
D:4:      layout_layer_cave, mainiacjoe_overflow_cross_hatched
D:5:      corexii_shack_village, layout_loops_corners, grunt_dithmenos_shadows,
          grunt_ministairs_2, uniq_crazy_yiuf_cottage
D:6:      layout_gridville, uniq_grinder, uniq_menkaure, uniq_maggie
D:7:      layout_loops_ring, nicolae_kikubaaqudgha_miasma_corner,
          minmay_temple_entry_statues_fountains, gammafunk_ghost_necromancy
D:8:      layout_basic, nicolae_overflow_squiral, makhleb_altar_promises_db,
          gammafunk_ghost_split, nicolae_ossuary_entry_plus
D:9:      layout_basic, gammafunk_temple_overflow_elements, minmay_lizard_king
D:10:     layout_cave_pools, david_lair_shrubbed, minmay_orc_entry_temple_small,
          hellmonk_ghost_happy_afterlife, uniq_harold, uniq_erica
D:11:     layout_long_grid, uniq_amaemon
D:12:     layout_roguey [special_room_bee], nicolae_qazlal_general_emergency,
          uniq_josephine, uniq_erolcha
Lair:1:   layout_chaotic_city, st_stairs_13, nicolae_lair_grazing_beasts
          [nicolae_sub_lair_graze_edge, nicolae_sub_lair_graze_edge,
          nicolae_sub_lair_graze_edge, nicolae_sub_lair_graze_edge]
Lair:2:   beast_lair_carwin_large_3, layout_gridlike,
          spider_nest_entry_funnel_web, serial_bayou_pond_a,
          infiniplex_staircase_pool
Lair:3:   layout_long_grid, nicolae_swamp_entry_splash_gauntlet,
          kilobyte_rumbling_trees, infiniplex_staircase_pool_2
Lair:4:   layout_gridlike, serial_bayou_lake_a, lemuel_fruit_fields, uniq_rupert
Lair:5:   grunt_lair_end_beastmaster, layout_gridlike,
          minmay_slime_entry_oklob_open, serial_bayou_pond_a, lemuel_fruit_tree
Swamp:1:  layout_falls_marsh, evilmike_swamp_ruin_house_5, swamp_pool4

Skill      XL: |  1  2  3  4  5  6  7  8  9 10 11 12 13 14 |
---------------+-------------------------------------------+-----
Fighting       | 1 2 3 4 5 6 7 8 9 10 | 10.3
Unarmed Combat | 4 5 6 7 8 10 11 13 14 16 17 | 17.0
Shapeshifting  | 4 5 6 7 8 9 10 11 | 11.8
Armour         | 2 4 5 6 8 |  8.5
Dodging        | 2 |  2.4

Action                     |  1- 3 |  4- 6 |  7- 9 | 10-12 | 13-15 || total
---------------------------+-------+-------+-------+-------+-------++-------
  Melee: Unarmed           |    81 |    85 |   207 |   499 |   476 ||  1348
         Punch             |     1 |     2 |     2 |       |    13 ||    18
         Maw               |       |       |       |       |    18 ||    18
 Invoke: Recall Ancestor   |       |     2 |       |       |       ||     2
         Ancestor Life: Ba |       |     1 |       |       |       ||     1
         Ancestor Identity |       |     1 |       |       |       ||     1
    Use: Scroll            |       |       |       |    21 |       ||    21
         Potion            |       |       |       |     1 |     1 ||     2
   Stab: Sleeping          |       |     1 |     4 |       |       ||     5
         Distracted        |       |       |     1 |     5 |    10 ||    16
         Petrified         |       |       |       |       |     6 ||     6
         Petrifying        |       |       |       |       |     2 ||     2
 Armour: Animal skin       |    33 |    28 |    45 |       |       ||   106
         Steam dragon scal |       |       |    23 |   272 |   277 ||   572
         Skin              |       |       |       |       |    36 ||    36
  Dodge: Dodged            |    38 |    41 |    97 |   254 |   273 ||   703
  Block: Other             |       |    14 |    30 |    89 |    89 ||   222
         Reflection        |       |       |       |       |     1 ||     1
   Form: Flux              |       |       |     1 |       |     1 ||     2
         Maw               |       |       |       |       |     1 ||     1
         Blade             |       |       |       |       |     1 ||     1

Table legend: (Time is in decaauts)
 A = Elapsed time spent in this place.
 B = Non-inter-level travel time spent in this place.
 C = Inter-level travel time spent in this place.
 D = Time resting spent in this place.
 E = Time spent auto-exploring this place.
 F = Levels seen in this place.
 G = Mean time per level.
                   A        B        C        D        E       F      G
               +--------+--------+--------+--------+--------+-----+--------+
         Total |  14620 |  13777 |    843 |    314 |  10741 |  19 |  769.5 |
       Dungeon |   9063 |   8405 |    658 |     54 |   6898 |  12 |  755.2 |
          Lair |   5171 |   4988 |    183 |    233 |   3647 |   5 | 1034.2 |
         Swamp |     93 |     93 |      0 |     27 |     15 |   1 |   93.0 |
       Ossuary |    292 |    292 |      0 |      0 |    181 |   1 |  292.0 |
               +--------+--------+--------+--------+--------+-----+--------+

Top non-repeatable levels by time:
  Lair:5: 1186 daAuts
     D:4: 1080 daAuts
  Lair:4: 1050 daAuts
  Lair:3: 1048 daAuts
     D:5: 1044 daAuts
  Lair:2: 1035 daAuts
     D:8: 919 daAuts
     D:6: 908 daAuts
     D:3: 862 daAuts
  Lair:1: 850 daAuts
     D:2: 837 daAuts
    D:10: 746 daAuts
    D:11: 694 daAuts
     D:7: 671 daAuts
     D:9: 619 daAuts
